 Dungeon Crawl Stone Soup version 0.23-a0-164-g7711e57 (webtiles) character file.

1767 Aeroq the Firebug (level 8, -12/66 HPs)
             Began as a Pale Draconian Fire Elementalist on Sept 11, 2018.
             Was an Initiate of Sif Muna.
             Killed from afar by Harold (50 damage)
             ... with an exploding inner flame
             ... hexed by the player character
             ... on level 7 of the Dungeon.
             The game lasted 00:39:14 (12346 turns).

Aeroq the Firebug (DrFE)                           Turns: 12346, Time: 00:39:14

Health: -12/66     AC:  6    Str: 12    XL:     8   Next: 80%
Magic:  1/15       EV: 14    Int: 17    God:    Sif Muna [......]
Gold:   291        SH:  0    Dex: 15    Spells: 7/16 levels left

rFire    . . .     SeeInvis .   g - +0 trident
rCold    . . .     Gourm    .   (no shield)
rNeg     . . .     Faith    .   (armour unavailable)
rPois    .         Spirit   .   (helmet restricted)
rElec    .         Reflect  .   (no cloak)
rCorr    .         Harm     .   (no gloves)
MR       .....                  (no boots)
Stlth    ++........             (no amulet)
HPRegen  0.21/turn              h - +4 ring of dexterity
MPRegen  0.14/turn              (no ring)

@: short of breath, marked
A: breathe steam, unfitting armour, cold-blooded, AC +6
a: Breathe Steam, Renounce Religion


You were on level 7 of the Dungeon.
You worshipped Sif Muna.
Sif Muna was noncommittal.
You were not hungry.

You visited 2 branches of the dungeon, and saw 8 of its levels.

You collected 291 gold pieces.

Inventory:

Hand Weapons
 d - a +1 halberd
 g - a +0 trident (weapon)
 j - a +0 dagger of freezing
Missiles
 m - 3 large rocks
 n - 3 javelins (quivered)
 p - 5 tomahawks of returning
 q - 8 javelins of penetration
Jewellery
 h - a +4 ring of dexterity (left hand)
Wands
 v - a wand of disintegration (10)
Scrolls
 a - a scroll of teleportation
 c - 2 scrolls of enchant weapon
 i - 2 scrolls of identify
 k - a scroll of magic mapping
 l - a scroll of vulnerability {unknown}
 o - 2 scrolls of enchant armour
 r - a scroll of remove curse {unknown}
 s - a scroll of torment {unknown}
 u - a scroll of immolation {unknown}
Potions
 e - a potion of curing
 f - 2 potions of agility
 t - a potion of resistance {unknown}
Comestibles
 b - 6 rations


   Skills:
 * Level 4.0 Fighting
 + Level 5.5 Polearms
 + Level 4.0 Dodging
 - Level 1.7 Stealth
 + Level 4.6 Spellcasting
 + Level 3.5 Conjurations
 * Level 6.8 Fire Magic


You had 7 spell levels left.
You knew the following spells:

 Your Spells              Type           Power        Failure   Level  Hunger
a - Flame Tongue          Conj/Fire      ###..        1%          1    None
b - Throw Flame           Conj/Fire      ###...       2%          2    ##.....
c - Conjure Flame         Conj/Fire      ###.....     5%          3    ###....
d - Inner Flame           Hex/Fire       ###.....     11%         3    ###....

Your spell library contained the following spells:

 Spells                   Type           Power        Failure   Level  Hunger
 Sticky Flame             Conj/Fire      ###.....     17%         4    ####...
 Fireball                 Conj/Fire      ###.......   43%         5    ######.


Dungeon Overview and Level Annotations

Branches:
Dungeon (7/15)             Temple (1/1) D:6

Altars:
Ashenzari
Cheibriados
Dithmenos
Elyvilon
Fedhas
Kikubaaqudgha
Makhleb
Ru
Sif Muna
Trog
Uskayaw
Xom
Zin
The Shining One

Shops:
D:7 :


Innate Abilities, Weirdness & Mutations

You can breathe blasts of scalding, opaque steam.
Your pale cyan-grey scales are hard. (AC +6)
You cannot fit into any form of body armour.
You are cold-blooded and may be slowed by cold attacks.


Message History

The flame tongue hits Harold.
Harold is severely wounded.
Harold is engulfed in blazing flames.
Harold hits you with a glaive!
Casting: Flame Tongue (safe; 1% risk of failure)
Confirm with . or Enter, or press ? or * to list all spells.
Aiming: Inner Flame (safe; 11% risk of failure)
Press: ? - help, Shift-Dir - straight line, f/p - Harold
Aim: Harold, wielding a glaive and wearing a scale mail (flame, severely Harold is filled with an inner flame.
Harold is engulfed in blazing flames.
Harold closely misses you.
Casting: Inner Flame (safe; 11% risk of failure)
Confirm with . or Enter, or press ? or * to list all spells.
Aiming: Throw Flame (safe; 2% risk of failure)
Press: ? - help, Shift-Dir - straight line, f/p - Harold
Aim: Harold, wielding a glaive and wearing a scale mail (flame, almost dead, The puff of flame hits Harold.
Harold explodes!
The fiery explosion engulfs you!
Ouch! That really hurt!
You die...

.# ..# #..# .§.#
....# #....#.
###§.....#
#§§Z.......
#@#........
#.##.....# #.#
#...##
#.###.####.##
#..........#
#.#####.##########
#..........#
#.####...#.####
#..............##


You could see a water moccasin zombie.

Vanquished Creatures
  A water moccasin (D:7)
  A sky beast (D:6)
  2 ogres (D:6)
  2 phantoms (D:6)
  A big kobold (D:6)
  A bullfrog (D:6)
  3 scorpions
  5 crimson imps
  3 hounds
  2 jellies (D:6)
  A gnoll shaman (D:6)
  3 orc wizards
  2 orc priests
  2 bullfrog skeletons
  A centaur skeleton (D:5)
  An iguana (D:6)
  3 worker ants
  A hound skeleton (D:4)
  A howler monkey zombie (D:5)
  5 gnolls
  8 adders
  A shadow imp (D:7)
  2 oozes
  A worm (D:4)
  2 dart slugs
  4 leopard geckos
  21 orcs
  5 bats
  4 giant cockroaches
  3 goblins (D:1)
  10 hobgoblins
  6 jackals
  13 kobolds
  3 quokkas
  A ball python (D:3)
  5 frilled lizards
  A giant cockroach zombie (D:5)
  A leopard gecko skeleton (D:4)
  A quokka skeleton (D:4)
  A quokka zombie (D:6)
  8 rats
142 creatures vanquished.

Notes
Turn   | Place    | Note
-------+----------+-------------------------------------------
     0 | D:1      | Aeroq the Draconian Fire Elementalist began the quest for
                  | the Orb.
     0 | D:1      | Reached XP level 1. HP: 14/14 MP: 3/3
   387 | D:1      | Reached XP level 2. HP: 22/22 MP: 0/5
   638 | D:1      | Reached skill level 1 in Fighting
   912 | D:1      | Reached XP level 3. HP: 26/28 MP: 6/6
  1078 | D:1      | Learned a level 2 spell: Throw Flame
  1082 | D:1      | Learned a level 3 spell: Conjure Flame
  1530 | D:2      | Found a shimmering altar of Xom.
  1530 | D:2      | Found a burning altar of Makhleb.
  1644 | D:2      | Found a blossoming altar of Fedhas.
  2255 | D:2      | Reached skill level 1 in Polearms
  2313 | D:2      | Reached XP level 4. HP: 35/35 MP: 5/7
  3892 | D:4      | Found a shattered altar of Ashenzari.
  4162 | D:4      | Found a bloodstained altar of Trog.
  4167 | D:4      | Found a blossoming altar of Fedhas.
  4167 | D:4      | Found a hide-covered altar of Uskayaw.
  4401 | D:4      | Reached XP level 5. HP: 36/40 MP: 0/8
  4429 | D:4      | Reached skill level 4 in Fire Magic
  5104 | D:4      | Reached XP level 6. HP: 47/47 MP: 3/10
  5570 | D:3      | Learned a level 3 spell: Inner Flame
  6281 | D:5      | Entered Level 5 of the Dungeon
  7445 | D:5      | Your scales start taking on a pale cyan-grey colour.
  7445 | D:5      | Reached skill level 5 in Fire Magic
  7445 | D:5      | Reached XP level 7. HP: 52/52 MP: 12/12
  9153 | D:6      | Found an ancient bone altar of Kikubaaqudgha.
  9252 | D:6      | Reached XP level 8. HP: 62/62 MP: 8/14
  9734 | D:6      | Reached skill level 6 in Fire Magic
 10065 | D:6      | Reached skill level 5 in Polearms
 10442 | D:6      | Found a shadowy altar of Dithmenos.
 11527 | D:6      | Found a staircase to the Ecumenical Temple.
 11614 | D:6      | Found a glowing silver altar of Zin.
 12048 | Temple   | Entered the Ecumenical Temple
 12058 | Temple   | Became a worshipper of Sif Muna the Loreminder
 12099 | D:7      | Found a white marble altar of Elyvilon.
 12204 | D:7      | Found Ytsiat's Book Shoppe.
 12331 | D:7      | Noticed Harold
 12346 | D:7      | Killed Harold
 12346 | D:7      | Killed from afar by Harold

Vault maps used:
D:1:      eino_arrival_cavern_d
D:2:      gammafunk_temple_overflow_elements, minmay_misc_feat_room,
          fedhas_altar_fruit_tree
D:4:      grunt_temple_overflow_open, first_ration
D:5:      minmay_misc_feat_pillars
D:6:      zin_scriptorium, kiku_gazebo_garden_becter, lemuel_round_altar,
          minmay_temple_entry_glassed_door
D:7:      old_standard_altar, serial_shops, nicolae_shop_stone, the_bakery,
          minmay_guarded_unrand_finisher, uniq_crazy_yiuf_cottage, uniq_harold
Temple:   eino_wide_crystal_templ

Skill      XL: |  1  2  3  4  5  6  7  8 |
---------------+-------------------------+-----
Dodging        | 2 3 4 |  4.0
Fighting       | 1 2 4 |  4.0
Polearms       | 1 2 3 4 5 |  5.5
Fire Magic     | 4 5 6 |  6.8
Spellcasting   | 3 4 |  4.6
Conjurations   | 2 3 |  3.5
Stealth        | |  1.7

Action                   |  1- 3 |  4- 6 |  7- 9 || total
-------------------------+-------+-------+-------++-------
Melee: Halberd           |    51 |    51 |       ||   102
       Unarmed           |     3 |       |       ||     3
       Tailslap          |     2 |    16 |    21 ||    39
       Trident           |       |   186 |   211 ||   397
 Cast: Flame Tongue      |    39 |    51 |    43 ||   133
       Throw Flame       |     6 |    13 |    38 ||    57
       Conjure Flame     |       |     5 |    14 ||    19
       Inner Flame       |       |       |     2 ||     2
 Abil: Breathe Steam     |       |       |     5 ||     5
  Use: Potion            |       |     7 |     4 ||    11
       Scroll            |       |     4 |     3 ||     7
 Stab: Sleeping          |     2 |     1 |     1 ||     4
  Eat: Chunk             |     5 |     6 |     5 ||    16
       Ration            |       |     4 |     4 ||     8
Armor: Skin              |    28 |   112 |    66 ||   206
Dodge: Dodged            |    48 |   179 |   116 ||   343

Table legend:
 A = Non-vault XP
 B = Vault XP
 C = Vault XP percentage of total XP
 D = Non-vault monster count
 E = Vault monster count
 F = Vault count percentage of total count
                 A         B        C        D         E       F
            +---------+---------+-------+---------+---------+-------
      Total |    2525 |       0 |   0.0 |     142 |       0 |   0.0
            +---------+---------+-------+---------+---------+-------
        D:1 |      44 |       0 |   0.0 |      18 |       0 |   0.0
        D:2 |      53 |       0 |   0.0 |      17 |       0 |   0.0
        D:3 |      72 |       0 |   0.0 |      24 |       0 |   0.0
        D:4 |     473 |       0 |   0.0 |      26 |       0 |   0.0
        D:5 |     302 |       0 |   0.0 |      20 |       0 |   0.0
        D:6 |    1330 |       0 |   0.0 |      32 |       0 |   0.0
        D:7 |     251 |       0 |   0.0 |       5 |       0 |   0.0
            +---------+---------+-------+---------+---------+-------
